 Dungeon Crawl Stone Soup version 0.27-a0-1290-g15d3ce7508 (console) character file.

Game seed: 10299626833562840791

68 Hector the Cutter (level 4, -1/27 HPs)
             Began as a Deep Elf Abyssal Knight on June 15, 2021.
             Was a Believer of Lugonu.
             Slain by an orc (10 damage)
             ... on level 2 of the Dungeon.
             The game lasted 00:04:43 (3036 turns).

Hector the Cutter (Deep Elf Abyssal Knight)         Turns: 3036, Time: 00:04:43

Health: -1/27      AC:  3    Str:  9    XL:     4   Next: 1%
Magic:  7/7        EV: 12    Int: 18    God:    Lugonu [**....]
Gold:   132        SH:  0    Dex: 14    Spells: 5/5 levels left

rFire    . . .     SeeInvis .   a - +1 short sword
rCold    . . .     Faith    .   (no shield)
rNeg     . . .     Spirit   .   b - +0 leather armour
rPois    .         Reflect  .   (no helmet)
rElec    .         Harm     .   (no cloak)
rCorr    .         Rampage  .   (no gloves)
Will     .....                  (no boots)
Stlth    +.........             (no amulet)
HPRegen  0.09/turn              (no ring)
MPRegen  0.10/turn              (no ring)

@: no status effects
A: no striking features
a: Renounce Religion, Depart the Abyss, Bend Space


You were on level 2 of the Dungeon.
You worshipped Lugonu.
Lugonu was pleased with you.
You visited 1 branch of the dungeon, and saw 3 of its levels.
You visited the Abyss 1 time.

You collected 132 gold pieces.

Inventory:

Hand Weapons
 a - a +1 short sword (weapon)
Missiles
 f - 19 poisoned darts
 h - a throwing net
 k - 18 stones
Armour
 b - a +0 leather armour (worn)
Scrolls
 c - a scroll of teleportation {unknown}
 g - a scroll of blinking {unknown}
 i - a scroll of enchant weapon {unknown}
 l - 2 scrolls of identify {unknown}
 m - 2 scrolls of fog {unknown}
 n - a scroll of noise {unknown}
 o - a scroll of magic mapping {unknown}
Potions
 d - a potion of mutation {unknown}
 e - a potion of degeneration {unknown}
 j - a potion of invisibility {unknown}


   Skills:
 - Level 2.4 Fighting
 * Level 4.1 Short Blades
 - Level 0.7 Armour
 - Level 2.4 Dodging
 * Level 1.2 Spellcasting
 - Level 2.0 Invocations


You had 5 spell levels left.
You didn't know any spells.
Your spell library was empty.

Dungeon Overview and Level Annotations

Branches:
Dungeon (3/15)

Altars:


Message History

The jackal barely misses you.
You hit the jackal.
You kill the jackal!
Lugonu accepts your kill.
You have reached level 4!
You feel clever.
An orc comes into view. It is wielding a +0 whip.
An orc comes into view. It is wielding a +0 flail.
The orc shouts!
You hear a shout!
The orc moves out of view.
You see here 24 bolts.
There is an escape hatch in the ceiling here.
A mysterious force pulls you upwards. The hatch slams shut behind you.
HP restored.
There is a stone staircase leading down here.
You climb downwards.
There is a stone staircase leading up here.
The orc shouts!
The orc throws a stone.
The stone closely misses you.
The orc shouts! x2; You hear a shout!
You hit the orc.
The orc is moderately wounded.
The orc hits you with a +0 flail!
You barely miss the orc.
The orc is moderately wounded.
An orc priest comes into view.
It is wielding a +1 hand axe of flaming.
The orc barely misses you.
The orc priest shouts!
You hit the orc.
The orc is severely wounded.
You closely miss the orc.
The orc is severely wounded.
There is a stone staircase leading up here.
The orc hits you with a +0 flail!
You climb upwards.
There is a stone staircase leading down here.
You closely miss the orc.
The orc is severely wounded.
The orc hits you with a +0 flail!
You die...

#.....#.#..........#######
#####.#.#................#
#.#.#................#
#.#..................#
#.##............)....#
#######.##.................#
#.......###...######.......#
#.............# #.......#
#.......##.o@.# #########
#.......##.##o#
#..†....##.##.#
#.......##....#
#.......####### #########


You could see 2 orcs.

Vanquished Creatures
  An adder (D:2)
  A worm (D:2)
  A dart slug (D:2)
  2 ball pythons (D:2)
  2 endoplasms (D:1)
  3 giant cockroaches
  2 goblins (D:1)
  4 hobgoblins
  10 jackals
  4 kobolds
  2 quokkas (D:2)
  5 bats
  5 frilled lizards
  5 rats
47 creatures vanquished.

Notes
Turn   | Place    | Note
-------+----------+-------------------------------------------
     0 | Abyss:1  | Hector the Deep Elf Abyssal Knight began the quest for the
                  | Orb.
     0 | Abyss:1  | Reached XP level 1. HP: 13/13 MP: 4/4
     9 | D:1      | Escaped the Abyss
   167 | D:1      | Reached XP level 2. HP: 7/18 MP: 5/5
   534 | D:1      | Reached skill level 3 in Short Blades
  1349 | D:2      | Reached XP level 3. HP: 8/22 MP: 6/6
  1734 | D:2      | Reached ** piety under Lugonu
  1799 | D:2      | Reached skill level 1 in Spellcasting
  2266 | D:2      | Reached skill level 4 in Short Blades
  2872 | D:3      | Reached XP level 4. HP: 13/27 MP: 7/7
  3036 | D:2      | Slain by an orc

Illustrated notes

Levels and vault maps discovered:
D:1:      minmay_arrival_checkered_box, layout_loops_ring
D:2:      layout_basic
D:3:      layout_basic, general_overflow_altar, minmay_misc_feat_four_crosses,
          corexii_hall_statues_x

Skill      XL: |  1  2  3 |
---------------+----------+-----
Short Blades   | 3 4 |  4.1
Spellcasting   | 1 |  1.2
Fighting       | |  2.4
Armour         | |  0.7
Dodging        | |  2.4
Invocations    | |  2.0

Action                   |  1- 3 |  4- 6 || total
-------------------------+-------+-------++-------
Melee: Short sword       |   192 |     5 ||   197
  Use: Potion            |     1 |       ||     1
Armor: Leather armour    |    45 |       ||    45
Dodge: Dodged            |   134 |     2 ||   136

Table legend: (Time is in decaauts)
 A = Elapsed time spent in this place.
 B = Non-inter-level travel time spent in this place.
 C = Inter-level travel time spent in this place.
 D = Time resting spent in this place.
 E = Time spent auto-exploring this place.
 F = Levels seen in this place.
 G = Mean time per level.
                   A        B        C        D        E       F      G
               +--------+--------+--------+--------+--------+-----+--------+
         Total |   3027 |   2787 |    240 |    482 |   1810 |   4 |  756.8 |
       Dungeon |   3018 |   2778 |    240 |    482 |   1806 |   3 | 1006.0 |
         Abyss |      9 |      9 |      0 |      0 |      4 |   1 |    9.0 |
               +--------+--------+--------+--------+--------+-----+--------+

Top non-repeatable levels by time:
     D:2: 1430 daAuts
     D:1: 1177 daAuts
     D:3: 409 daAuts
 Abyss:1: 9 daAuts
